 Seeded DCSS version 0.30-a0-389-g8d7d949f56 (webtiles) character file.

Game seed: 11271991 (custom seed)

182 McGhostyFace the Chucker (level 5, -1/41 HPs)
             Began as a Gnoll Wanderer on Dec 3, 2022.
             Slain by Edmund
             ... wielding a +3 flail of protection
              (2 damage)
             ... on level 4 of the Dungeon.
             The game lasted 00:04:02 (3487 turns).

McGhostyFace the Chucker (Gnoll Wanderer)           Turns: 3487, Time: 00:04:03

Health: -1/41      AC:  4    Str:  8    XL:     5   Next: 62%
Magic:  1/9        EV: 12    Int: 14    God:
Gold:   205        SH:  0    Dex: 14    Spells: 6/10 levels left

rFire   . . .      SeeInvis .    a - +2 dagger
rCold   . . .      Faith    .    (no shield)
rNeg    . . .      Spirit   .    e - +0 robe
rPois   .          Reflect  .    t - +0 helmet
rElec   .          Harm     .    (no cloak)
rCorr   .          Rampage  .    (no gloves)
Will    .....                    s - +0 pair of boots
Stlth   ++........               q - amulet of magic regeneration
HPRegen 0.26/turn                (no ring)
MPRegen 0.51/turn                (no ring)

@: no status effects
A: fangs 1, strong nose, distributed training
a: no special abilities


You were on level 4 of the Dungeon.
You visited 1 branch of the dungeon, and saw 4 of its levels.

You collected 205 gold pieces.

Inventory:

Hand Weapons
 a - a +2 dagger (weapon)
Missiles
 b - a curare-tipped dart
 n - 6 poisoned darts
Armour
 e - a +0 robe (worn)
 s - a +0 pair of boots (worn)
 t - a +0 helmet (worn)
Jewellery
 q - an amulet of magic regeneration (around neck)
 z - a +6 ring of dexterity
Scrolls
 f - 2 scrolls of immolation {unknown}
 i - a scroll of noise {unknown}
 m - 3 scrolls of identify {unknown}
 o - a scroll of silence {unknown}
 v - a scroll of blinking {unknown}
 w - a scroll of teleportation {unknown}
 y - a scroll of magic mapping {unknown}
Potions
 d - 2 potions of invisibility
 g - a potion of resistance {unknown}
 h - 2 potions of heal wounds {unknown}
 j - a potion of attraction {unknown}
 k - 2 potions of cancellation {unknown}
 l - 2 potions of curing {unknown}
 p - a potion of brilliance {unknown}
 r - a potion of mutation {unknown}
 u - a potion of lignification {unknown}
 x - 2 potions of ambrosia {unknown}
Miscellaneous
 c - a piece from Xom's chessboard (15/15)


   Skills:
 + Level 3.0 Fighting
 + Level 1.6 Short Blades
 + Level 1.6 Long Blades
 + Level 1.6 Axes
 + Level 1.6 Maces & Flails
 + Level 1.6 Polearms
 + Level 1.6 Staves
 + Level 1.6 Ranged Weapons
 + Level 6.7 Throwing
 + Level 1.6 Armour
 + Level 1.6 Dodging
 + Level 1.6 Stealth
 + Level 1.6 Shields
 + Level 1.6 Unarmed Combat
 + Level 3.2 Spellcasting
 + Level 1.3 Conjurations
 + Level 1.3 Hexes
 + Level 1.3 Summonings
 + Level 1.3 Necromancy
 + Level 1.3 Translocations
 + Level 1.3 Transmutations
 + Level 1.3 Fire Magic
 + Level 1.3 Ice Magic
 + Level 1.3 Air Magic
 + Level 5.6 Earth Magic
 + Level 1.3 Poison Magic
 + Level 3.1 Invocations
 + Level 3.0 Evocations


You had 6 spell levels left.
You knew the following spells:

 Your Spells              Type           Power      Damage    Failure   Level
a - Sandblast             Erth           34%        2d9       2%          1
b - Stone Arrow           Conj/Erth      22%        3d8       16%         3

Your spell library contained the following spells:

 Spells                   Type           Power      Damage    Failure   Level
 Freeze                   Ice            20%        1d4       12%         1
 Shock                    Conj/Air       20%        1d4       12%         1
 Frozen Ramparts          Ice            10%        1d2       36%         3
 Hailstorm                Conj/Ice       5%         3d4       36%         3
 Swiftness                Air            5%         N/A       36%         3
 Airstrike                Air            2%         2d(1-17)  77%         4


Dungeon Overview and Level Annotations

Branches:
Dungeon (4/15)             Temple (0/1) D:4

Altars:

Annotations:
D:4 Edmund


Innate Abilities, Weirdness & Mutations

You have very sharp teeth.
Your uncanny sense of smell can sniff out nearby items.
Your experience applies equally to all skills.


Message History

Press: ? - help, Shift-Dir - straight line, f/p - Edmund
Aim: Edmund, wielding a +3 flail of protection and wearing a +0 scale mail (heavily wounded, 72% to hit)
The stone arrow hits Edmund.
Edmund is heavily wounded.
Edmund hits you with a +3 flail of protection.
You barely miss Edmund.
Edmund is heavily wounded.
Edmund hits you with a +3 flail of protection.
You hit Edmund but do no damage.
Edmund is heavily wounded.
Edmund hits you with a +3 flail of protection!
Casting: Stone Arrow (dangerous; 16% risk of failure)
Confirm with . or Enter, or press ? or * to list all spells.
Aiming: Sandblast (safe; 2% risk of failure)
Press: ? - help, Shift-Dir - straight line, f/p - Edmund
Aim: Edmund, wielding a +3 flail of protection and wearing a +0 scale mail (heavily wounded, 84% to hit)
The blast of sand hits Edmund but does no damage.
Edmund is heavily wounded.
Edmund hits you but does no damage. Edmund closely misses you.
Casting: Sandblast (safe; 2% risk of failure)
Confirm with . or Enter, or press ? or * to list all spells.
Aiming: Sandblast (safe; 2% risk of failure)
Press: ? - help, Shift-Dir - straight line, f/p - Edmund
Aim: Edmund, wielding a +3 flail of protection and wearing a +0 scale mail (heavily wounded, 84% to hit)
The blast of sand misses Edmund.
Edmund hits you with a +3 flail of protection!
Casting: Sandblast (safe; 2% risk of failure)
Confirm with . or Enter, or press ? or * to list all spells.
Aiming: Sandblast (safe; 2% risk of failure)
Press: ? - help, Shift-Dir - straight line, f/p - Edmund
Aim: Edmund, wielding a +3 flail of protection and wearing a +0 scale mail (heavily wounded, 84% to hit)
The blast of sand hits Edmund but does no damage.
Edmund is heavily wounded.
Edmund hits you with a +3 flail of protection.
* * * LOW HITPOINT WARNING * * *
Edmund hits you with a +3 flail of protection!
* * * LOW HITPOINT WARNING * * *
Edmund attacks as you move away!
Edmund hits you with a +3 flail of protection.
You die...

.. ##.# #...∆ #..#
#..# #..####.#
#@......# ###@#
#...# ∆ #.### #.#
#+## #.# ##...##
#.#### ##...(.##
#.##.## ##.......##
#.#...####..<......#
#........'.........+


You could see Edmund.

Vanquished Creatures
  2 iguanas (D:4)
  Robin (D:4)
  3 adders
  A worm (D:3)
  2 dart slugs
  An orc (D:4)
  4 bats
  5 endoplasms
  3 giant cockroaches
  11 goblins
  8 hobgoblins
  10 jackals
  5 kobolds
  5 quokkas
  7 ball pythons
  5 frilled lizards
  5 rats
78 creatures vanquished.

Vanquished Creatures (others)
  A goblin (D:4)
1 creature vanquished.

Grand Total: 79 creatures vanquished

Notes
Turn   | Place    | Note
-------+----------+-------------------------------------------
     0 | D:1      | McGhostyFace the Gnoll Wanderer began the quest for the
                  | Orb.
     0 | D:1      | McGhostyFace set off with the following items: a +2 dagger,
                  | 2 curare-tipped darts, a piece from Xom's chessboard
                  | (15/15), a potion of invisibility, a +0 robe; and the
                  | following spell memorised: Sandblast; and the following
                  | spells available to memorise: Stone Arrow.
     0 | D:1      | Reached XP level 1. HP: 17/17 MP: 4/4
   174 | D:1      | Reached XP level 2. HP: 23/23 MP: 3/5
   956 | D:2      | Reached XP level 3. HP: 26/28 MP: 2/7
  1407 | D:2      | Learned a level 3 spell: Stone Arrow
  1492 | D:2      | Reached skill level 1 in Short Blades
  1492 | D:2      | Reached skill level 1 in Long Blades
  1492 | D:2      | Reached skill level 1 in Axes
  1492 | D:2      | Reached skill level 1 in Maces & Flails
  1492 | D:2      | Reached skill level 1 in Polearms
  1492 | D:2      | Reached skill level 1 in Staves
  1492 | D:2      | Reached skill level 1 in Ranged Weapons
  1492 | D:2      | Reached skill level 1 in Armour
  1492 | D:2      | Reached skill level 1 in Dodging
  1492 | D:2      | Reached skill level 1 in Stealth
  1492 | D:2      | Reached skill level 1 in Shields
  1492 | D:2      | Reached skill level 1 in Unarmed Combat
  1676 | D:2      | Reached XP level 4. HP: 33/34 MP: 4/8
  2244 | D:3      | Reached skill level 1 in Conjurations
  2244 | D:3      | Reached skill level 1 in Hexes
  2244 | D:3      | Reached skill level 1 in Summonings
  2244 | D:3      | Reached skill level 1 in Necromancy
  2244 | D:3      | Reached skill level 1 in Translocations
  2244 | D:3      | Reached skill level 1 in Transmutations
  2244 | D:3      | Reached skill level 1 in Fire Magic
  2244 | D:3      | Reached skill level 1 in Ice Magic
  2244 | D:3      | Reached skill level 1 in Air Magic
  2244 | D:3      | Reached skill level 1 in Poison Magic
  2697 | D:4      | Noticed Robin
  2711 | D:4      | Killed Robin
  2712 | D:4      | Reached XP level 5. HP: 14/40 MP: 3/9
  3028 | D:4      | Found a staircase to the Ecumenical Temple.
  3477 | D:4      | Noticed Edmund
  3486 | D:4      | HP: 1/41 [Edmund/+3 flail of protection (11)]
  3487 | D:4      | Slain by Edmund

Illustrated notes

Levels and vault maps discovered:
D:1:      spicycebolla_arrival_ecumenical, layout_loops_cross
D:2:      layout_loops_corners
D:3:      layout_loops_ring
D:4:      layout_loops_corners, minmay_temple_entry_mini_moons, hex_medium,
          uniq_edmund, uniq_robin

Skill      XL: |  1  2  3  4  5 |
---------------+----------------+-----
Short Blades   | 1 |  1.6
Long Blades    | 1 |  1.6
Axes           | 1 |  1.6
Maces & Flails | 1 |  1.6
Polearms       | 1 |  1.6
Staves         | 1 |  1.6
Ranged Weapons | 1 |  1.6
Armour         | 1 |  1.6
Dodging        | 1 |  1.6
Stealth        | 1 |  1.6
Shields        | 1 |  1.6
Unarmed Combat | 1 |  1.6
Spellcasting   | 3 |  3.2
Conjurations   | 1 |  1.3
Hexes          | 1 |  1.3
Summonings     | 1 |  1.3
Necromancy     | 1 |  1.3
Translocations | 1 |  1.3
Transmutations | 1 |  1.3
Fire Magic     | 1 |  1.3
Ice Magic      | 1 |  1.3
Air Magic      | 1 |  1.3
Poison Magic   | 1 |  1.3
Invocations    | 3 |  3.1
Fighting       | 3 |  3.0
Evocations     | 3 |  3.0
Throwing       | |  6.7
Earth Magic    | |  5.6

Action                   |  1- 3 |  4- 6 || total
-------------------------+-------+-------++-------
Melee: Dagger            |    14 |     8 ||    22
       Bite              |     3 |     1 ||     4
Throw: Dart              |     1 |       ||     1
 Cast: Sandblast         |    45 |    72 ||   117
       Stone Arrow       |       |     3 ||     3
Armor: Robe              |     7 |    10 ||    17
Dodge: Dodged            |    24 |    31 ||    55

Table legend: (Time is in decaauts)
 A = Elapsed time spent in this place.
 B = Non-inter-level travel time spent in this place.
 C = Inter-level travel time spent in this place.
 D = Time resting spent in this place.
 E = Time spent auto-exploring this place.
 F = Levels seen in this place.
 G = Mean time per level.
                   A        B        C        D        E       F      G
               +--------+--------+--------+--------+--------+-----+--------+
         Total |   3543 |   3480 |     63 |    440 |   2568 |   4 |  885.8 |
       Dungeon |   3543 |   3480 |     63 |    440 |   2568 |   4 |  885.8 |
               +--------+--------+--------+--------+--------+-----+--------+

Top non-repeatable levels by time:
     D:2: 1074 daAuts
     D:4: 850 daAuts
     D:3: 846 daAuts
     D:1: 772 daAuts
